 Dungeon Crawl Stone Soup version 0.32-a0-933-ga8fa3634e4 (webtiles) character file.

Game seed: 14461685218633820899

3094 Autsider the Cleaver (level 9, 0/81 HPs)
             Began as a Minotaur Fighter on Apr 15, 2024.
             Slain by a gargoyle
             ... wielding a +0 morningstar of protection
              (3 damage)
             ... on level 7 of the Dungeon.
             The game lasted 00:09:02 (5753 turns).

Autsider the Cleaver (Minotaur Fighter)             Turns: 5753, Time: 00:09:02

Health: 0/81       AC: 12    Str: 25    XL:     9   Next: 59%
Magic:  8/8        EV:  7    Int:  5    God:
Gold:   243        SH:  5    Dex: 10    Spells: 8/8 levels left

rFire   . . .        a - +1 war axe
rCold   . . .        c - +0 buckler
rNeg    . . .        k - +0 chain mail
rPois   +            (helmet restricted)
rElec   .            (no cloak)
rCorr   .            u - +0 pair of gloves
SInv    .            (no boots)
Will    .....        (no amulet) Stlth
                     q - ring of poison resistance
HPRegen 0.33/turn    t - ring of flight
MPRegen 0.11/turn

%: no passive effects
@: flying
A: horns 2, retaliatory headbutt
a: no special abilities


You were on level 7 of the Dungeon.
You visited 1 branch of the dungeon, and saw 7 of its levels.

You collected 461 gold pieces.
You spent 218 gold pieces at shops.

Inventory:

Hand Weapons
 a - a +1 war axe (weapon)
Missiles
 s - 3 boomerangs (quivered)
Armour
 c - a +0 buckler (worn)
 k - a +0 chain mail (worn)
 u - a +0 pair of gloves (worn)
Jewellery
 m - a ring of ice
 q - a ring of poison resistance (left hand)
 t - a ring of flight (right hand)
Wands
 w - a wand of paralysis (13)
Scrolls
 b - a scroll of revelation
 g - a scroll of silence
 h - 4 scrolls of teleportation {@r2}
 l - 2 scrolls of butterflies
 n - 3 scrolls of enchant weapon
 p - a scroll of enchant armour
 r - a scroll of fog
 x - a scroll of noise
 y - a scroll of acquirement {unknown}
Potions
 d - a potion of might
 e - a potion of berserk rage {unknown}
 f - a potion of heal wounds
 i - 2 potions of enlightenment
 j - a potion of mutation {unknown}
 o - 2 potions of resistance
 z - a potion of cancellation {unknown}


   Skills:
 + Level 8.1 Fighting
 * Level 10.5 Axes
 + Level 8.1 Armour
 + Level 8.1 Shields


You had 8 spell levels left.
You didn't know any spells.
Your spell library contained the following spells:

 Spells                   Type           Power      Damage    Failure   Level
 Apportation              Tloc           0%         N/A       95%         1
 Necrotise                Necr           0%         1d4       95%         1
 Sting                    Conj/Alch      0%         1d3       95%         1
 Summon Small Mammal      Summ           0%         N/A       95%         1
 Cigotuvi's Dreadful Rot  Necr/Alch/Air  0%         N/A       99%         2
 Inner Flame              Hex/Fire       0%         N/A       100%        3
 Ignite Poison            Fire/Alch      0%         N/A       100%        4
 Freezing Cloud           Conj/Ice/Air   0%         6-21      100%        5
 Irradiate                Conj/Alch      0%         3d11      100%        5
 Ignition                 Fire           0%         3d3       100%        8


Dungeon Overview and Level Annotations

Branches:
Dungeon (7/15)             Temple (0/1) D:4

Altars:
Cheibriados
Dithmenos
Elyvilon
Makhleb
Qazlal
Sif Muna
Trog
Xom
Zin

Shops:
D:4 **   D:6 *


Innate Abilities, Weirdness & Mutations

You have a pair of horns on your head.
You reflexively headbutt those who attack you in melee.


Message History

You are too injured to fight recklessly!
You are too injured to fight recklessly!
You are too injured to fight recklessly!
You are too injured to fight recklessly!
You are too injured to fight recklessly!
You are too injured to fight recklessly!
You are too injured to fight recklessly!
You are too injured to fight recklessly!
You are too injured to fight recklessly!
You are too injured to fight recklessly!
You are too injured to fight recklessly!
You slash the iguana!
You kill the iguana!
You hit the gargoyle but do no damage. The gargoyle barely misses you.
You hit the gargoyle but do no damage. You headbutt the gargoyle!
The gargoyle is moderately damaged.
The gargoyle hits you with a +0 morningstar of protection!
* * * LOW HITPOINT WARNING * * *
You hit the gargoyle but do no damage.
You headbutt the gargoyle, but do no damage.
The gargoyle is moderately damaged.
You block the gargoyle's attack.
You hit the gargoyle but do no damage. Your headbutt misses the gargoyle.
The gargoyle is moderately damaged.
The gargoyle hits you with a +0 morningstar of protection!
* * * LOW HITPOINT WARNING * * *
You hit the gargoyle but do no damage.
You headbutt the gargoyle, but do no damage.
The gargoyle is moderately damaged.
The gargoyle hurls a stone arrow at you.
The stone arrow misses you.
You barely miss the gargoyle.
You headbutt the gargoyle, but do no damage.
The gargoyle is moderately damaged.
The gargoyle hits you with a +0 morningstar of protection!
* * * LOW HITPOINT WARNING * * *
You hit the gargoyle but do no damage.
The gargoyle is moderately damaged.
The gargoyle hits you with a +0 morningstar of protection.
You die...

#. #. ##.. ... # ...
#######.#
#.#######.....#.###
#..................
####.####..9....#####
#.......#..)@<.......
####z################
♣♣.♣♣ #♣...♣# #..9..#
#♣.l.♣# ♣♣.♣♣ ♣.♣
♣♣.♣


You could see a gargoyle.

Vanquished Creatures
  2 hornets (D:7)
  4 water moccasins
  2 ice beasts
  2 black bears
  3 sky beasts
  3 centaurs
  3 phantoms
  A bullfrog (D:6)
  6 scorpions
  A wight (D:7)
  A killer bee (D:7)
  A jelly (D:6)
  An orc priest (D:3)
  A bombardier beetle (D:7)
  2 hounds (D:6)
  5 iguanas
  3 orc wizards
  6 gnolls
  13 adders
  A shadow imp (D:6)
  3 white imps
  4 dart slugs
  9 orcs
  8 ball pythons
  7 endoplasms
  8 goblins
  11 hobgoblins
  8 jackals
  5 quokkas
  4 frilled lizards
  10 kobolds
  2 rats
140 creatures vanquished.

Notes
Turn   | Place    | Note
-------+----------+-------------------------------------------
     0 | D:1      | Autsider the Minotaur Fighter began the quest for the Orb.
     0 | D:1      | Reached XP level 1. HP: 19/19 MP: 0/0
    45 | D:1      | Found a faded altar of an unknown god.
    69 | D:1      | Reached XP level 2. HP: 24/27 MP: 1/1
    82 | D:1      | Reached skill level 3 in Axes
   470 | D:1      | Reached XP level 3. HP: 33/33 MP: 2/2
  1650 | D:2      | Reached XP level 4. HP: 40/40 MP: 3/3
  1843 | D:2      | Reached skill level 4 in Axes
  1980 | D:3      | Found a burning altar of Makhleb.
  1995 | D:3      | Noticed a scorpion
  2011 | D:3      | Killed a scorpion
  2012 | D:3      | Reached XP level 5. HP: 10/47 MP: 4/4
  2565 | D:3      | Reached skill level 5 in Axes
  2999 | D:4      | Found a snail-covered altar of Cheibriados.
  3005 | D:4      | Reached XP level 6. HP: 40/55 MP: 5/5
  3095 | D:4      | Reached skill level 5 in Fighting
  3095 | D:4      | Reached skill level 5 in Armour
  3095 | D:4      | Reached skill level 5 in Shields
  3195 | D:4      | Found Okkym's General Store.
  3199 | D:4      | Found Nateol's Specific Store.
  3221 | D:4      | Bought a scroll of revelation for 90 gold pieces
  3221 | D:4      | Bought a scroll of identify for 24 gold pieces
  3248 | D:4      | Found a shimmering altar of Xom.
  3253 | D:4      | Found a shimmering altar of Xom.
  3474 | D:4      | Found a staircase to the Ecumenical Temple.
  3685 | D:5      | Entered Level 5 of the Dungeon
  3728 | D:5      | Reached skill level 6 in Axes
  3927 | D:5      | Reached XP level 7. HP: 61/61 MP: 6/6
  4425 | D:5      | Reached skill level 7 in Axes
  4468 | D:5      | Reached XP level 8. HP: 70/70 MP: 7/7
  4618 | D:6      | Found Eguorafi's Assorted Antiques.
  4627 | D:6      | Bought a scroll labelled VUWIFUNWODOAM for 26 gold pieces
  4627 | D:6      | Bought a scroll of identify for 52 gold pieces
  4627 | D:6      | Bought a scroll labelled XAECAMIRUXT for 26 gold pieces
  4652 | D:6      | Found a stormy altar of Qazlal.
  4839 | D:6      | Reached skill level 8 in Axes
  5172 | D:6      | Found a glowing silver altar of Zin.
  5172 | D:6      | Found a shimmering blue altar of Sif Muna.
  5175 | D:6      | Found a shadowy altar of Dithmenos.
  5183 | D:6      | Found a bloodstained altar of Trog.
  5187 | D:6      | Reached skill level 9 in Axes
  5187 | D:6      | Found a white marble altar of Elyvilon.
  5455 | D:7      | Reached XP level 9. HP: 79/79 MP: 8/8
  5503 | D:7      | Noticed a gargoyle
  5514 | D:7      | Reached skill level 10 in Axes
  5752 | D:7      | HP: 2/81 [gargoyle/+0 morningstar of protection (7)]
  5753 | D:7      | Slain by a gargoyle

Illustrated notes

Levels and vault maps discovered:
D:1:      minmay_arrival_diagonal_passages, layout_loops_ring,
          ebering_ecumenical_altar_hall, lexackson_kobold_supper
D:2:      minmay_door_path, layout_basic
D:3:      layout_basic, mainiacjoe_overflow_brackets
D:4:      layout_rooms, xom_redecorated, cheibriados_altar_1,
          minmay_temple_entry_wispy, minmay_hedge_maze, nicolae_specific_store,
          hangedman_abyss_or_decor_stagger
D:5:      layout_loops_ring, hangedman_abyss_or_decor_lesser_grid
D:6:      layout_basic, mainiacjoe_overflow_24_doors,
          grunt_temple_overflow_open, serial_shops, shop_statue,
          dreamdust_gnoll_farm
D:7:      nzn_winding_woodlands_large [nzn_winding_woodlands_5x5_open_star,
          nzn_winding_woodlands_5x15_crooked,
          nzn_winding_woodlands_5x5_checkerboard,
          nzn_winding_woodlands_center_lodge,
          nzn_winding_woodlands_15x15_thick_spiral,
          nzn_winding_woodlands_center_garden,
          nzn_winding_woodlands_5x5_default,
          nzn_winding_woodlands_5x15_split_checker,
          nzn_winding_woodlands_5x5_closed_star], layout_basic,
          nicolae_vehumet_radiance, lemuel_doored_altar,
          nicolae_wu_jian_glorious_leap, the_hattery, uniq_duvessa

Skill      XL: |  1  2  3  4  5  6  7  8  9 |
---------------+----------------------------+-----
Axes           | 3 4 5 6 7 9 10 | 10.5
Shields        | 4 5 6 7 8 |  8.1
Fighting       | 4 5 6 7 8 |  8.1
Armour         | 4 5 6 7 8 |  8.1

Action                     |  1- 3 |  4- 6 |  7- 9 || total
---------------------------+-------+-------+-------++-------
  Melee: War axe           |    71 |   135 |   165 ||   371
         Headbutt          |    10 |    13 |    28 ||    51
    Use: Scroll            |     1 |     8 |     3 ||    12
         Potion            |       |       |     1 ||     1
 Armour: Scale mail        |    35 |       |       ||    35
         Chain mail        |    15 |   136 |   185 ||   336
  Dodge: Dodged            |    37 |    51 |    89 ||   177
  Block: Buckler           |    13 |    34 |    56 ||   103

Table legend: (Time is in decaauts)
 A = Elapsed time spent in this place.
 B = Non-inter-level travel time spent in this place.
 C = Inter-level travel time spent in this place.
 D = Time resting spent in this place.
 E = Time spent auto-exploring this place.
 F = Levels seen in this place.
 G = Mean time per level.
                   A        B        C        D        E       F      G
               +--------+--------+--------+--------+--------+-----+--------+
         Total |   5833 |   5540 |    293 |    621 |   4023 |   7 |  833.3 |
       Dungeon |   5833 |   5540 |    293 |    621 |   4023 |   7 |  833.3 |
               +--------+--------+--------+--------+--------+-----+--------+

Top non-repeatable levels by time:
     D:2: 1092 daAuts
     D:3: 1060 daAuts
     D:6: 943 daAuts
     D:5: 942 daAuts
     D:1: 918 daAuts
     D:4: 672 daAuts
     D:7: 203 daAuts
